Description

I exported this for myself dont expect me to work for it :) not like my other build orders

Replay - Scarlett v Serral: Game 3 - 亚历山大港 - 天梯版

Build Order

Get SALT Encoding   

  12  0:00  Drone  
  13  0:13  Overlord  
  13  0:19  Drone  
  14  0:31  Drone x2  
  16  0:49  Hatchery  
  15  0:52  Drone x2  
  17  0:59  Drone  
  18  1:10  Extractor  
  17  1:15  Spawning Pool  
  17  1:18  Drone x2  
  18  1:28  Drone  
  22  2:01  Overlord  
  22  2:02  Queen x2  
  26  2:14  Metabolic Boost  
  30  2:27  Evolution Chamber  
  29  2:34  Zergling x2  
  31  2:38  Queen  
  31  2:43  Overlord  
  34  2:55  Zerg Melee Weapons Level 1  
  36  3:05  Extractor  
  41  3:15  Overlord  
  43  3:26  Evolution Chamber  
  43  3:33  Overlord  
  44  3:43  Zergling x6  
  44  3:48  Lair  
  50  3:56  Hatchery  
  49  4:03  Zergling x8  
  49  4:07  Zerg Ground Armor Level 1  
  58  4:26  Extractor x2  
  59  4:36  Zergling x2  
  59  4:37  Queen  
  63  4:51  Zerg Melee Weapons Level 2  
  63  4:57  Hydralisk Den  
  69  5:09  Overseer  
  69  5:18  Zergling x2  
  78  5:34  Lurker Den  
  84  5:55  Hydralisk x4  
  96  6:03  Zerg Missile Weapons Level 1  
  96  6:09  Hatchery  
  95  6:13  Hydralisk x3  
  101  6:23  Hydralisk x2  
  113  6:34  Infestation Pit  
  118  7:02  Lurker x5  
  128  7:15  Hive  
  134  7:23  Lurker  
  134  7:27  Hydralisk  
  148  7:49  Lurker x2  
  160  8:11  Lurker x2  
Spawning Tool Build Advisor. Get it on Overwolf

Analysis

https://www.youtube.com/watch?v=AzaEUfuGM9w&t

Go to:

Details

  • Created by: Lukebomber     
  • Published on: Apr 02, 2019
  • Modified on: Apr 02, 2019
  • Patch: 4.7.1
Show
View Real Time Build Order
Export as new Build Order

Comments (0)

There are no comments. Be the first!

Create an account to comment!